PBL
COLUMBUS REDS @ TROIS-RIVERES AIGLES
07/06/2047
 
TOP OF THE 1ST
Columbus Reds batting - Pitching for Trois-Riveres Aigles : RHP Vince Martinez
Pitching: RHP Vince Martinez
Batting: LHB Fernando Gomez 0-0: Ground out U3 (Groundball, 3, EV 85.0 MPH)
Batting: RHB Randy Grewe 0-0: Ball
1-0: Ball
2-0: Called Strike
2-1: Foul Ball, location: 2F
2-2: Strikes out swinging
Batting: RHB Mark Williams 0-0: Ball
1-0: Ground out 4-3 (Groundball, 4, EV 100.0 MPH)
Top of the 1st over - 0 runs, 0 hits, 0 errors, 0 left on base; Columbus 0 - Trois-Riveres 0
BOTTOM OF THE 1ST
Trois-Riveres Aigles batting - Pitching for Columbus Reds : RHP Gil Villanueva
Pitching: RHP Gil Villanueva
Batting: RHB Luis Jara 0-0: Called Strike
0-1: Foul Ball, location: 2F
0-2: Ball
1-2: Strikes out swinging
Batting: RHB Dave Valdez 0-0: Ball
1-0: Ball
2-0: Called Strike
2-1: Ball
3-1: Foul Ball, location: 2F
3-2: Strikes out looking
Batting: RHB Kyler Seitz 0-0: Called Strike
0-1: Called Strike
0-2: Foul Ball, location: 2F
0-2: Ball
1-2: Strikes out swinging
Bottom of the 1st over - 0 runs, 0 hits, 0 errors, 0 left on base; Columbus 0 - Trois-Riveres 0
TOP OF THE 2ND
Columbus Reds batting - Pitching for Trois-Riveres Aigles : RHP Vince Martinez
Batting: RHB Alex Juarez 0-0: Ball
1-0: Fly out, F8 (Flyball, 8LD, EV 92.5 MPH)
Batting: RHB Ed Santibanez 0-0: Ball
1-0: Ball
2-0: Swinging Strike
2-1: Ball
3-1: Foul Ball, location: 2F
3-2: Strikes out swinging
Batting: SHB Cesar Pelayo 0-0: Ball
1-0: Ball
2-0: Foul Ball, location: 2F
2-1: Called Strike
2-2: Ball
3-2: Ground out 6-3 (Groundball, 6S, EV 83.1 MPH)
Top of the 2nd over - 0 runs, 0 hits, 0 errors, 0 left on base; Columbus 0 - Trois-Riveres 0
BOTTOM OF THE 2ND
Trois-Riveres Aigles batting - Pitching for Columbus Reds : RHP Gil Villanueva
Batting: RHB Jon Gonzales 0-0: Swinging Strike
0-1: Foul Ball, location: 2F
0-2: Ball
1-2: Strikes out looking
Batting: RHB Bogumil Filipowski 0-0: Ball
1-0: SINGLE (Line Drive, 89S, EV 111.2 MPH)
Batting: RHB Ben Saxton 0-0: Called Strike
0-1: Foul Ball, location: 2F
0-2: Ball
1-2: Strikes out swinging
Batting: RHB Sandoval Serzedelo 0-0: Called Strike
0-1: Ball
1-1: Foul Ball, location: 2F
1-2: Ball
Wild Pitch!
Bogumil Filipowski to second
2-2: Strikes out swinging
Bottom of the 2nd over - 0 runs, 1 hit, 0 errors, 1 left on base; Columbus 0 - Trois-Riveres 0
TOP OF THE 3RD
Columbus Reds batting - Pitching for Trois-Riveres Aigles : RHP Vince Martinez
Batting: RHB Gabriel Arias 0-0: Ball
1-0: Foul Ball, location: 2F
1-1: Ball
2-1: Foul Ball, location: 2F
2-2: Foul Ball, location: 2F
2-2: Foul Ball, location: 2F
2-2: Ball
3-2: Base on Balls
Batting: LHB Mike Becerra 0-0: Ball
1-0: Fly out, F7 (Flyball, 78S, EV 93.8 MPH)
Batting: RHB Cornholdo Schwerin 0-0: Ball
1-0: Swinging Strike
1-1: Foul Ball, location: 2F
1-2: Ball
2-2: Strikes out looking
Batting: LHB Fernando Gomez 0-0: Ball
1-0: Ball
2-0: Foul Ball, location: 2F
2-1: Swinging Strike
2-2: Strikes out swinging
Top of the 3rd over - 0 runs, 0 hits, 0 errors, 1 left on base; Columbus 0 - Trois-Riveres 0
BOTTOM OF THE 3RD
Trois-Riveres Aigles batting - Pitching for Columbus Reds : RHP Gil Villanueva
Batting: RHB Willie Acevedo 0-0: Ball
1-0: Foul Ball, location: 2F
1-1: Ball
2-1: Ground out 5-3 (Groundball, 56, EV 88.8 MPH)
Batting: RHB Gilbert Hoareau 0-0: Swinging Strike
0-1: Swinging Strike
0-2: Ball
1-2: Ball
2-2: Strikes out swinging
Batting: RHB Luis Jara 0-0: Called Strike
0-1: Called Strike
0-2: Ball
1-2: Foul Ball, location: 2F
1-2: Ball
2-2: Ball
3-2: Strikes out swinging
Bottom of the 3rd over - 0 runs, 0 hits, 0 errors, 0 left on base; Columbus 0 - Trois-Riveres 0
TOP OF THE 4TH
Columbus Reds batting - Pitching for Trois-Riveres Aigles : RHP Vince Martinez
Batting: RHB Randy Grewe 0-0: Ground out 6-3 (Groundball, 6, EV 106.2 MPH)
Batting: RHB Mark Williams 0-0: Ball
1-0: Called Strike
1-1: Foul Ball, location: 2F
1-2: Ball
2-2: Ground out U3 (Groundball, 34, EV 90.0 MPH)
Batting: RHB Alex Juarez 0-0: Ball
1-0: Ball
2-0: Ball
3-0: Foul Ball, location: 2F
3-1: Called Strike
3-2: SOLO HOME RUN (Flyball, 9D, EV 103.8 MPH), Distance : 383 ft
Batting: RHB Ed Santibanez 0-0: Swinging Strike
0-1: Ball
1-1: SOLO HOME RUN (Line Drive, 78XD, EV 109.4 MPH), Distance : 446 ft
Batting: SHB Cesar Pelayo 0-0: Foul Ball, location: 2F
0-1: Swinging Strike
0-2: Foul Ball, location: 2F
0-2: Strikes out swinging
Top of the 4th over - 2 runs, 2 hits, 0 errors, 0 left on base; Columbus 2 - Trois-Riveres 0
BOTTOM OF THE 4TH
Trois-Riveres Aigles batting - Pitching for Columbus Reds : RHP Gil Villanueva
Batting: RHB Dave Valdez 0-0: Ball
1-0: Foul Ball, location: 2F
1-1: Fly out, F9 (Flyball, 89M, EV 71.2 MPH)
Batting: RHB Kyler Seitz 0-0: Ball
1-0: SINGLE (Groundball, 6S, EV 96.9 MPH)
Batting: RHB Jon Gonzales 0-0: Called Strike
0-1: Called Strike
0-2: Ball
1-2: Strikes out swinging
Batting: RHB Bogumil Filipowski 0-0: Ball
1-0: Swinging Strike
1-1: Swinging Strike
1-2: Strikes out looking
Bottom of the 4th over - 0 runs, 1 hit, 0 errors, 1 left on base; Columbus 2 - Trois-Riveres 0
TOP OF THE 5TH
Columbus Reds batting - Pitching for Trois-Riveres Aigles : RHP Vince Martinez
Batting: RHB Gabriel Arias 0-0: Foul Ball, location: 2F
0-1: SINGLE (Flyball, 4D, EV 89.4 MPH)
Batting: LHB Mike Becerra 0-0: Ball
1-0: Called Strike
1-1: Swinging Strike
1-2: Grounds out, U3 (Groundball, 3L, EV 100.6 MPH)
Batting: RHB Cornholdo Schwerin 0-0: Fly out, F7 (Line Drive, 7S, EV 104.4 MPH)
Batting: LHB Fernando Gomez 0-0: Swinging Strike
0-1: Swinging Strike
0-2: Ball
1-2: Strikes out swinging
Top of the 5th over - 0 runs, 1 hit, 0 errors, 1 left on base; Columbus 2 - Trois-Riveres 0
BOTTOM OF THE 5TH
Trois-Riveres Aigles batting - Pitching for Columbus Reds : RHP Gil Villanueva
Batting: RHB Ben Saxton 0-0: Ground out U3 (Groundball, 34S, EV 82.5 MPH)
Batting: RHB Sandoval Serzedelo 0-0: Ball
1-0: Called Strike
1-1: Ball
2-1: Ball
3-1: Swinging Strike
3-2: Strikes out swinging
Batting: RHB Willie Acevedo 0-0: Foul Ball, location: 2F
0-1: Ball
1-1: Swinging Strike
1-2: Strikes out swinging
Bottom of the 5th over - 0 runs, 0 hits, 0 errors, 0 left on base; Columbus 2 - Trois-Riveres 0
TOP OF THE 6TH
Columbus Reds batting - Pitching for Trois-Riveres Aigles : RHP Vince Martinez
Batting: RHB Randy Grewe 0-0: Called Strike
0-1: Ball
1-1: Foul Ball, location: 2F
1-2: Ball
2-2: Ball
3-2: Foul Ball, location: 2F
3-2: Foul Ball, location: 2F
3-2: Foul Ball, location: 2F
3-2: Foul Ball, location: 2F
3-2: DOUBLE (Flyball, 8LXD, EV 95.6 MPH)
Batting: RHB Mark Williams 0-0: Foul Ball, location: 2F
0-1: Foul Ball, location: 2F
0-2: Fly out, F7 (Flyball, 7S, EV 82.5 MPH)
Batting: RHB Alex Juarez 0-0: Ball
1-0: Ball
2-0: Ball
3-0: Called Strike
3-1: Base on Balls
Batting: RHB Ed Santibanez 0-0: Ball
Randy Grewe steals 3rd base
1-0: Called Strike
Alex Juarez steals 2nd, throwing error, E2
Randy Grewe scores
Alex Juarez to third
1-1: Foul Ball, location: 2F
1-2: SINGLE (Line Drive, 8LS, EV 96.9 MPH)
Alex Juarez scores
Batting: SHB Cesar Pelayo 0-0: Ball
1-0: Called Strike
1-1: Called Strike
1-2: Ball
2-2: Ball
3-2: Foul Ball, location: 2F
3-2: Base on Balls
Ed Santibanez to second
Batting: RHB Gabriel Arias 0-0: Ball
Wild Pitch!
Ed Santibanez to third
Cesar Pelayo to second
1-0: Ball
2-0: Foul Ball, location: 2F
2-1: Ball
3-1: Fly out, F6 (Popup, 6D, EV 72.5 MPH)
Pitching: LHP John Schmidt
Batting: LHB Mike Becerra 0-0: Fly out, F7 (Flyball, 7S, EV 79.4 MPH)
Top of the 6th over - 2 runs, 2 hits, 1 error, 2 left on base; Columbus 4 - Trois-Riveres 0
BOTTOM OF THE 6TH
Trois-Riveres Aigles batting - Pitching for Columbus Reds : RHP Gil Villanueva
Batting: RHB Gilbert Hoareau 0-0: Called Strike
0-1: Swinging Strike
0-2: Strikes out swinging
Batting: RHB Luis Jara 0-0: Ball
1-0: Fly out, F8 (Flyball, 89M, EV 90.6 MPH)
Batting: RHB Dave Valdez 0-0: Ball
1-0: Called Strike
1-1: SINGLE (Groundball, 4M, EV 106.2 MPH)
Batting: RHB Kyler Seitz 0-0: Ball
1-0: Foul Ball, location: 2F
1-1: Foul Ball, location: 2F
1-2: Strikes out swinging
Bottom of the 6th over - 0 runs, 1 hit, 0 errors, 1 left on base; Columbus 4 - Trois-Riveres 0
TOP OF THE 7TH
Columbus Reds batting - Pitching for Trois-Riveres Aigles : LHP John Schmidt
Batting: RHB Cornholdo Schwerin 0-0: Foul Ball, location: 2F
0-1: Ground out 6-3 (Groundball, 6, EV 82.5 MPH)
Batting: LHB Fernando Gomez 0-0: Foul Ball, location: 2F
0-1: Ball
1-1: Swinging Strike
1-2: SOLO HOME RUN (Flyball, 89XD, EV 113.1 MPH), Distance : 442 ft
Batting: RHB Randy Grewe 0-0: Ball
1-0: Swinging Strike
1-1: Ball
2-1: Ball
3-1: Base on Balls
Batting: RHB Mark Williams 0-0: Ball
Randy Grewe steals 2nd, throwing error, E2
Randy Grewe to third
1-0: Swinging Strike
1-1: Swinging Strike
1-2: Fly out, F9 (Flyball, 9S, EV 91.2 MPH)
Batting: RHB Alex Juarez 0-0: Called Strike
0-1: Ball
1-1: Ball
2-1: Ball
3-1: Called Strike
3-2: Base on Balls
Batting: RHB Ed Santibanez 0-0: Fielders Choice at 2nd, 6-4 (Groundball, 6, EV 89.4 MPH)
Top of the 7th over - 1 run, 1 hit, 1 error, 2 left on base; Columbus 5 - Trois-Riveres 0
BOTTOM OF THE 7TH
Trois-Riveres Aigles batting - Pitching for Columbus Reds : RHP Gil Villanueva
Batting: RHB Jon Gonzales 0-0: Ball
1-0: SINGLE (Line Drive, 9S, EV 110.6 MPH)
Batting: RHB Bogumil Filipowski 0-0: Called Strike
0-1: Ball
1-1: Called Strike
1-2: Strikes out swinging
Batting: RHB Ben Saxton 0-0: Foul Ball, location: 2F
0-1: Ball
1-1: Ball
2-1: Called Strike
2-2: Strikes out swinging
Batting: RHB Sandoval Serzedelo 0-0: Called Strike
0-1: Swinging Strike
0-2: Ball
1-2: Strikes out swinging
Bottom of the 7th over - 0 runs, 1 hit, 0 errors, 1 left on base; Columbus 5 - Trois-Riveres 0
TOP OF THE 8TH
Columbus Reds batting - Pitching for Trois-Riveres Aigles : LHP John Schmidt
Batting: SHB Cesar Pelayo 0-0: Ball
1-0: Ground out 5-3 (Groundball, 56S, EV 83.1 MPH)
Batting: RHB Gabriel Arias 0-0: Swinging Strike
0-1: Foul Ball, location: 2F
0-2: Ball
1-2: Strikes out swinging
Pinch Hitting: RHB Ben Burkholder 0-0: Called Strike
0-1: Foul Ball, location: 2F
0-2: Ball
1-2: Ground out 6-3 (Groundball, 56, EV 89.4 MPH)
Top of the 8th over - 0 runs, 0 hits, 0 errors, 0 left on base; Columbus 5 - Trois-Riveres 0
BOTTOM OF THE 8TH
Trois-Riveres Aigles batting - Pitching for Columbus Reds : RHP Gil Villanueva
Now in RF: Tim Kirk
Batting: RHB Willie Acevedo 0-0: Called Strike
0-1: Ball
1-1: SINGLE (Groundball, 4MD, EV 108.8 MPH)
Batting: RHB Gilbert Hoareau 0-0: Foul Ball, location: 2F
0-1: Ball
1-1: Foul Ball, location: 2F
1-2: Strikes out swinging
Batting: RHB Luis Jara 0-0: Swinging Strike
0-1: Ball
1-1: Fly out, F8 (Flyball, 89S, EV 88.1 MPH)
Batting: RHB Dave Valdez 0-0: Ball
1-0: Ball
2-0: Foul Ball, location: 2F
2-1: Swinging Strike
2-2: Strikes out looking
Bottom of the 8th over - 0 runs, 1 hit, 0 errors, 1 left on base; Columbus 5 - Trois-Riveres 0
TOP OF THE 9TH
Columbus Reds batting - Pitching for Trois-Riveres Aigles : LHP John Schmidt
Pinch Hitting: RHB Juan Zamora 0-0: Ball
1-0: Foul Ball, location: 2F
1-1: SINGLE (Groundball, 34D, EV 101.9 MPH)
Batting: LHB Fernando Gomez 0-0: Ball
1-0: Ball
2-0: Fly out, F5 (Popup, 5L, EV 76.2 MPH)
Pitching: LHP Matt Bayer
Batting: RHB Randy Grewe 0-0: Foul Ball, location: 2F
0-1: Called Strike
Juan Zamora is caught stealing 2nd base 2-4
0-2: Ball
1-2: Ground out 4-3 (Groundball, 4, EV 91.9 MPH)
Top of the 9th over - 0 runs, 1 hit, 0 errors, 0 left on base; Columbus 5 - Trois-Riveres 0
BOTTOM OF THE 9TH
Trois-Riveres Aigles batting - Pitching for Columbus Reds : RHP Gil Villanueva
Now in CF: Jose Cruz
Batting: RHB Kyler Seitz 0-0: Ball
1-0: Ball
2-0: Ball
3-0: Called Strike
3-1: Foul Ball, location: 2F
3-2: Base on Balls
Pitching: RHP Kevin Larner
Batting: RHB Jon Gonzales 0-0: Hit by Pitch
Kyler Seitz to second
Pinch Hitting: LHB Ian Cranton 0-0: Called Strike
0-1: Ball
1-1: Foul Ball, location: 2F
1-2: Ball
2-2: Ball
3-2: Fly out, F7 (Flyball, 7D, EV 94.4 MPH)
Runner from 2nd tags up, SAFE at 3rd, no throw by LF
Pinch Hitting: RHB Jeff Standridge 0-0: Called Strike
0-1: Foul Ball, location: 2F
0-2: Ball
1-2: Fly out, F8 (Flyball, 8LD, EV 93.8 MPH)
Runner from 3rd tags up, SCORES, no throw by CF
Pinch Hitting: RHB Joe Hartigan 0-0: Ball
1-0: Ball
2-0: Ball
3-0: Swinging Strike
3-1: Called Strike
3-2: Foul Ball, location: 2F
3-2: Foul Ball, location: 2F
3-2: Ground out 6-3 (Groundball, 6, EV 86.9 MPH)
Bottom of the 9th over - 1 run, 0 hits, 0 errors, 1 left on base; Columbus 5 - Trois-Riveres 1
Thursday, December 15th , 2022 - OOTP Baseball 23.9 Build 102